 Dungeon Crawl Stone Soup version 0.27.0-1-g7a089689b8 (webtiles) character file.

Game seed: 10253965740842223708

81 Brandom the Vexing (level 4, -1/33 HPs)
             Began as a Human Arcane Marksman on July 31, 2021.
             Slain by an orc (5 damage)
             ... on level 2 of the Dungeon.
             The game lasted 00:07:30 (2701 turns).

Brandom the Vexing (Human Arcane Marksman)          Turns: 2701, Time: 00:07:30

Health: -1/33      AC:  2    Str: 12    XL:     4   Next: 68%
Magic:  5/5        EV: 12    Int: 13    God:
Gold:   44         SH:  0    Dex: 13    Spells: 4/5 levels left

rFire    . . .     SeeInvis .   a - +0 shortbow
rCold    . . .     Faith    .   (shield currently unavailable)
rNeg     . . .     Spirit   .   d - +0 robe
rPois    .         Reflect  .   (no helmet)
rElec    .         Harm     .   (no cloak)
rCorr    .         Rampage  .   (no gloves)
Will     .....                  (no boots)
Stlth    +.........             i - amulet of the acrobat
HPRegen  0.11/turn              (no ring)
MPRegen  0.09/turn              (no ring)

@: no status effects
A: no striking features
a: no special abilities


You were on level 2 of the Dungeon.
You visited 1 branch of the dungeon, and saw 3 of its levels.

You collected 44 gold pieces.

Inventory:

Hand Weapons
 a - a +0 shortbow (weapon)
 g - a +1 dagger of holy wrath
   (You took it off a kobold on level 1 of the Dungeon)
Missiles
 c - an arrow (quivered ammo)
Armour
 d - a +0 robe (worn)
Jewellery
 i - an amulet of the acrobat (around neck)
   (You found it on level 1 of the Dungeon)
Wands
 x - a wand of acid (7)
   (You found it on level 2 of the Dungeon)
Scrolls
 e - 3 scrolls of identify {unknown}
 f - 2 scrolls of fear {unknown}
 h - 2 scrolls of noise {unknown}
 j - a scroll of enchant armour {unknown}
Potions
 b - a potion of curing {unknown}


   Skills:
 + Level 1.9 Fighting
 * Level 3.2 Bows
 + Level 2.6 Dodging
 - Level 1.0 Spellcasting
 + Level 3.5 Hexes


You had 4 spell levels left.
You knew the following spells:

 Your Spells              Type           Power      Damage    Failure   Level
a - Corona                Hex            10%        N/A       7%          1

Your spell library contained the following spells:

 Spells                   Type           Power      Damage    Failure   Level
 Slow                     Hex            9%         N/A       10%         2
 Ensorcelled Hibernation  Hex/Ice        10%        N/A       21%         2
 Inner Flame              Hex/Fire       5%         N/A       38%         3
 Portal Projectile        Hex/Tloc       10%        N/A       38%         3
 Cause Fear               Hex            4%         N/A       54%         4
 Spider Form              Tmut/Pois      0%         N/A       63%         3
 Blade Hands              Tmut           0%         N/A       100%        5
 Excruciating Wounds      Necr           0%         N/A       100%        5
 Shadow Creatures         Summ           N/A        N/A       100%        6


Dungeon Overview and Level Annotations

Branches:
Dungeon (3/15)

Altars:
Uskayaw

Shops:
D:1 [


Message History

* * * LOW HITPOINT WARNING * * *
There is a stone staircase leading down, spattered with blood here.
You see here an arrow.
The orc completely misses you.
There is a stone staircase leading down, spattered with blood here.
Fire: 6 arrows
Aim: an orc, wielding a +0 falchion and wearing a +0 chain mail (almost dead, 65% to hit)
You shoot an arrow. The arrow barely misses the orc.
You see here an arrow.
The orc barely misses you.
You see here an arrow.
There is a stone staircase leading down, spattered with blood here.
You see here an arrow.
You see here an arrow.
There is a stone staircase leading down, spattered with blood here.
You see here an arrow.
You see here an arrow.
There is a stone staircase leading down, spattered with blood here.
You see here an arrow.
You see here an arrow.
There is a stone staircase leading down, spattered with blood here.
You see here an arrow.
You see here an arrow.
There is a stone staircase leading down, spattered with blood here.
There is a stone staircase leading up here.
The orc hits you with a +0 falchion.
* * * LOW HITPOINT WARNING * * *
There is a stone staircase leading up here.
There is a stone staircase leading up here.
Fire: 5 arrows
Aim: an orc, wielding a +0 falchion and wearing a +0 chain mail (moderately wounded, 65% to hit)
You shoot an arrow.
The arrow hits the orc but does no damage.
The orc hits you with a +0 falchion.
* * * LOW HITPOINT WARNING * * *
Fire: 4 arrows
Aim: an orc, wielding a +0 falchion and wearing a +0 chain mail (moderately wounded, 65% to hit)
You shoot an arrow.
The arrow hits the orc but does no damage.
The orc hits you with a +0 falchion.
* * * LOW HITPOINT WARNING * * *
Fire: 3 arrows
Aim: an orc, wielding a +0 falchion and wearing a +0 chain mail (moderately wounded, 65% to hit)
You shoot an arrow. The arrow hits the orc.
The orc barely misses you.
Fire: 2 arrows
Aim: an orc, wielding a +0 falchion and wearing a +0 chain mail (severely wounded, 65% to hit)
You shoot an arrow. The arrow barely misses the orc.
The orc hits you with a +0 falchion.
You die...

#.# #..........# ##...##
###.######..##.#.##.# ##.....##
#.......##.......##.###.......##
#....##.###.##....#.##.........##
.....................'.........'.
#........##.###...#.##.........##
#..#.##.............###.......##
#........#.#..#.##### ##.....##
##.#.##.#.#.#...@.#######...##
##.#.##..#_#..#.#o#.....##'#####
##.#(##(#.#.#.#.#<#.....##.#...##
.#.(..>..#.#..#.........##......#
#.##(##.......###.#.....##.......
##.#.###.##.#.###.#.....#.......#
#.(.# #..........###.##.......##
##.### ############ #.###...#.##
#.## #.# ##.#...##


You could see an orc.

Vanquished Creatures
  An orc priest (D:3)
  2 worms (D:2)
  2 dart slugs
  3 orcs (D:3)
  3 ball pythons (D:1)
  7 endoplasms
  2 goblins (D:1)
  2 hobgoblins
  3 jackals (D:1)
  2 kobolds (D:1)
  2 quokkas (D:2)
  2 bats
  2 frilled lizards (D:1)
  5 rats
38 creatures vanquished.

Notes
Turn   | Place    | Note
-------+----------+-------------------------------------------
     0 | D:1      | Brandom the Human Arcane Marksman began the quest for the
                  | Orb.
     0 | D:1      | Reached XP level 1. HP: 15/15 MP: 2/2
    69 | D:1      | Reached XP level 2. HP: 21/21 MP: 3/3
   418 | D:1      | Reached XP level 3. HP: 22/26 MP: 4/4
   890 | D:1      | Found Nubum's Antique Armour Shop.
  1063 | D:2      | Found a faded altar of an unknown god.
  1420 | D:2      | Found a hide-covered altar of Uskayaw.
  2339 | D:3      | Reached XP level 4. HP: 33/33 MP: 5/5
  2701 | D:2      | Slain by an orc

Illustrated notes

Levels and vault maps discovered:
D:1:      dpeg_arrival_pits, layout_loops_ring, serial_shops, shop
D:2:      layout_loops_corners, chequers_ecumenical_altar_simple_redux,
          basic_altar
D:3:      layout_basic, grunt_temple_overflow_lords_of_destruction

Skill      XL: |  1  2  3 |
---------------+----------+-----
Bows           | 3 |  3.2
Fighting       | |  1.9
Dodging        | |  2.6
Spellcasting   | |  1.0
Hexes          | |  3.5

Action                   |  1- 3 |  4- 6 || total
-------------------------+-------+-------++-------
Melee: Dagger            |    85 |    12 ||    97
 Fire: Shortbow          |    39 |    18 ||    57
 Stab: Sleeping          |     2 |       ||     2
Armor: Robe              |    16 |       ||    16
Dodge: Dodged            |    56 |    11 ||    67
